Map: Blackpink LE

Players

hinO

  • Race: Zerg Zerg
  • Spawn Location: 1:00

HeltEn - Winner!

  • Race: Terran Terran
  • Spawn Location: 7:00

Event: WCS Leipzig 2018

VOD

Have the link to the VOD?

Description

Time

  • Played on: Jan. 26, 2018, 7:48 a.m.
  • Length: 13:20

All games in this series

Show
View Real Time Build Order
Export as new Build Order

hinO Zerg 

Build Orders: Pool First 

Get SALT Encoding   

  12  0:00  Drone  
  13  0:08  Drone  
  14  0:18  Overlord  
  14  0:25  Drone, Extractor  
  15  0:37  Drone x2  
  17  0:46  Spawning Pool  
  17  0:49  Drone  
  17  1:11  Hatchery  
  16  1:16  Overlord  
  16  1:20  Extractor  
  15  1:33  Zergling x6  
  18  1:40  Queen  
  18  1:44  Drone  
  21  1:55  Drone  
  22  2:05  Drone  
  23  2:16  Drone  
  24  2:23  Metabolic Boost  
  24  2:24  Queen  
  24  2:25  Drone  
  24  2:29  Drone  
  28  2:35  Drone  
  29  2:40  Drone  
  30  2:45  Drone  
  31  2:51  Drone  
  31  2:54  Drone  
  31  2:58  Hatchery  
  31  2:59  Drone x2  
  31  3:05  Zergling x4  
  33  3:09  Overlord  
  33  3:16  Zergling x2  
  33  3:17  Zergling x2  
  35  3:25  Zergling x2  
  36  3:28  Drone  
  36  3:29  Drone x3  
  40  3:36  Overlord  
  40  3:38  Drone  
  40  3:39  Drone  
  40  3:41  Queen  
  42  3:47  Overlord  
  44  3:57  Drone x3  
  44  4:01  Overlord  
  47  4:04  Zergling x8  
  47  4:07  Drone x3  
  54  4:11  Queen  
  54  4:16  Overlord  
  56  4:20  Pneumatized Carapace  
  56  4:25  Zergling x6  
  56  4:27  Overlord  
  56  4:29  Drone  
  60  4:35  Drone x2, Baneling Nest  
  60  4:38  Drone  
  62  4:40  Drone x2  
  64  4:47  Queen  
  64  4:49  Overlord  
  64  4:51  Drone x2  
  68  5:00  Zergling x8  
  68  5:03  Queen  
  73  5:09  Zergling x8  
  73  5:10  Zergling x4  
  73  5:13  Zergling x6  
  73  5:15  Zergling x2  
  73  5:17  Zergling x2  
  73  5:23  Queen  
  73  5:28  Lair  
  75  5:29  Drone, Extractor  
  75  5:32  Drone x2  
  77  5:36  Spore Crawler  
  77  5:37  Spore Crawler  
  77  5:39  Queen  
  77  5:44  Drone  
  77  5:45  Drone x3, Spore Crawler  
  77  5:49  Spore Crawler  
  79  5:53  Overlord x2  
  79  5:54  Drone  
  79  5:57  Drone  
  79  5:58  Evolution Chamber x2  
  79  6:00  Drone x2  
  79  6:03  Drone  
  79  6:04  Drone  
  82  6:08  Extractor, Overlord x2  
  82  6:11  Drone x2  
  82  6:13  Drone  
  84  6:20  Drone x5  
  84  6:21  Extractor  
  84  6:25  Zerg Ground Armor Level 1  
  88  6:26  Zerg Melee Weapons Level 1  
  88  6:32  Overseer  
  87  6:34  Drone  
  87  6:35  Drone x5  
  87  6:38  Extractor  
  87  6:39  Extractor  
  91  6:46  Drone x3  
  91  6:47  Drone  
  95  7:00  Hatchery  
  94  7:03  Hydralisk Den  
  94  7:04  Drone x2  
  94  7:05  Drone x4  
  94  7:10  Drone x2  
  94  7:11  Drone  
  94  7:12  Drone  
  94  7:13  Drone x3  
  97  7:16  Centrifical Hooks  
  97  7:18  Drone x2  
  97  7:20  Overlord  
  99  7:29  Baneling x5  
  99  7:30  Baneling, Drone x3  
  99  7:31  Drone x3  
  99  7:35  Hydralisk x3  
  111  7:38  Overlord x2  
  111  7:51  Overlord  
  110  7:52  Hydralisk x3  
  110  7:57  Drone x4  
  120  8:00  Extractor  
  120  8:01  Drone x3, Extractor  
  120  8:02  Drone  
  118  8:07  Hydralisk x6  
  118  8:12  Hydralisk  
  130  8:18  Hydralisk x3  
  134  8:21  Roach Warren  
  134  8:25  Hydralisk  
  134  8:26  Hydralisk x2  
  126  8:35  Hydralisk x3  
  122  8:41  Hydralisk x2  
  122  8:42  Zergling x10  
  122  8:46  Hydralisk  
  124  8:52  Drone x2  
  109  9:03  Hydralisk, Infestation Pit  
  109  9:04  Hydralisk x3  
  115  9:11  Drone x2  
  112  9:21  Zerg Missile Weapons Level 1  
  112  9:25  Hatchery  
  112  9:27  Drone x2  
  112  9:28  Drone x6  
  119  9:33  Muscular Augments  
  119  9:35  Glial Reconstitution  
  119  9:37  Drone x3  
  122  9:40  Roach x2  
  122  9:41  Roach  
  126  9:48  Drone  
  126  9:51  Zerg Ground Armor Level 2  
  126  9:52  Roach x3  
  135  9:53  Roach  
  135  9:59  Roach  
  137  10:06  Roach  
  135  10:09  Hive  
  135  10:10  Drone, Overlord  
  135  10:11  Overlord x2  
  136  10:18  Overlord  
  136  10:19  Zergling x2  
  137  10:26  Overlord x2  
  137  10:30  Roach x4, Hydralisk  
  147  10:39  Drone  
  147  10:40  Drone x2, Evolution Chamber  
  147  10:41  Evolution Chamber x2  
  147  10:43  Roach x2  
  147  10:49  Hydralisk x3  
  151  10:56  Drone  
  158  10:58  Hydralisk, Spire  
  155  11:18  Roach x3  
  161  11:20  Viper x3  
  161  11:22  Hydralisk x2  
  174  11:30  Extractor, Hatchery, Overlord x2  
  174  11:32  Hydralisk x2  
  173  11:33  Extractor  
  173  11:37  Drone x2  
  172  11:46  Hydralisk x2  
  176  11:56  Roach x2  
  179  12:06  Hydralisk x7  
  193  12:09  Overlord x2  
  193  12:21  Hydralisk x3  
  188  12:34  Hydralisk  
  188  12:35  Hydralisk x2  
  188  12:43  Hydralisk x3  
  192  12:47  Zergling x6  
Show
View Real Time Build Order
Export as new Build Order

HeltEn Terran - Winner!

Build Orders: Gas First Reaper Expand, Reaper Expand, Hellion Banshee, Mech 

Get SALT Encoding   

  12  0:00  SCV  
  13  0:12  SCV  
  14  0:18  Supply Depot  
  14  0:25  SCV  
  15  0:29  Refinery  
  15  0:39  SCV  
  16  0:45  Barracks  
  16  0:52  SCV  
  17  1:04  SCV  
  18  1:16  SCV  
  19  1:31  Reaper  
  19  1:32  Orbital Command  
  20  1:43  Command Center  
  20  1:54  Factory  
  20  1:58  SCV  
  21  2:07  Reaper  
  22  2:08  Supply Depot  
  22  2:11  SCV  
  23  2:16  Refinery  
  23  2:30  SCV  
  24  2:40  Hellion  
  26  2:56  SCV  
  27  3:02  Starport, Barracks Reactor  
  28  3:05  Hellion  
  28  3:08  SCV  
  29  3:23  SCV  
  30  3:37  SCV, Orbital Command  
  30  3:40  Viking  
  33  3:48  Hellion x2  
  37  3:49  SCV  
  37  3:50  Barracks Tech Lab  
  38  3:59  Supply Depot  
  38  4:03  SCV  
  38  4:04  SCV  
  40  4:18  SCV x2  
  40  4:21  Hellion x2  
  47  4:26  Supply Depot  
  47  4:30  SCV x2  
  48  4:34  Supply Depot, Cloaking Field  
  48  4:35  Banshee  
  51  4:42  SCV, Hellion  
  54  4:47  SCV  
  54  4:48  Hellion  
  54  4:49  Command Center  
  57  4:55  SCV  
  59  5:00  SCV  
  59  5:03  Supply Depot  
  59  5:07  SCV  
  59  5:12  SCV  
  56  5:18  Hellion x2  
  56  5:19  SCV  
  56  5:21  Banshee  
  55  5:24  SCV  
  55  5:27  Refinery  
  55  5:28  Refinery  
  56  5:41  Armory x2  
  56  5:43  Hellion x2  
  56  5:45  SCV  
  56  5:46  SCV  
  62  5:52  Factory  
  62  5:55  Factory  
  62  5:58  SCV  
  62  5:59  Barracks Tech Lab  
  62  6:02  Orbital Command  
  63  6:04  SCV  
  63  6:11  Hellion x2  
  68  6:15  SCV, Supply Depot  
  68  6:17  SCV  
  70  6:23  Supply Depot  
  70  6:27  SCV  
  70  6:32  Starport Reactor  
  71  6:36  Terran Vehicle And Ship Armor Level 1, Terran Vehicle Weapons Level 1  
  75  6:45  SCV x2  
  77  6:49  Orbital Command  
  77  6:55  Supply Depot, Thor  
  77  6:56  Supply Depot  
  79  7:04  Thor  
  79  7:05  Hellion x2  
  89  7:13  Infernal Pre-Igniter  
  89  7:17  SCV  
  89  7:18  SCV x2  
  92  7:23  Medivac x2  
  96  7:31  Hellion x2, SCV  
  96  7:32  SCV x2  
  103  7:38  Refinery  
  103  7:40  Refinery  
  103  7:43  SCV, Siege Tank  
  103  7:44  SCV  
  108  7:49  SCV  
  104  7:53  Siege Tank  
  104  7:54  Hellion x2  
  104  7:55  SCV  
  112  8:05  Command Center  
  112  8:13  Factory  
  112  8:14  Factory  
  112  8:18  Siege Tank  
  112  8:19  Hellion x2  
  119  8:24  SCV x2  
  121  8:35  SCV  
  121  8:36  SCV  
  117  8:44  Hellion x2, Siege Tank  
  124  8:50  Viking x2, Terran Vehicle Weapons Level 2  
  124  8:51  Siege Tank  
  129  8:58  Factory Tech Lab, Factory Reactor  
  129  8:59  SCV x2  
  127  9:05  Hellion  
  127  9:06  Hellion  
  127  9:07  SCV  
  118  9:11  SCV  
  118  9:17  Supply Depot x2  
  113  9:18  Engineering Bay  
  113  9:19  Viking  
  113  9:20  Viking  
  117  9:26  Siege Tank x3  
  126  9:41  Terran Vehicle And Ship Armor Level 2  
  126  9:42  Command Center  
  126  9:51  Hellion x4  
  134  10:06  Planetary Fortress  
  134  10:14  Siege Tank x3  
  134  10:15  Hellion x4  
  134  10:21  Refinery, Viking  
  151  10:22  Viking  
  151  10:24  Supply Depot x2  
  155  10:29  Refinery  
  155  10:31  Command Center  
  155  10:33  Sensor Tower  
  155  10:40  Hellion  
  157  10:48  Siege Tank x2  
  161  10:51  Viking  
  161  10:52  Viking  
  163  11:16  Hellion x2, Siege Tank  
  163  11:17  Hellion  
  172  11:20  Command Center, Siege Tank  
  175  11:30  Hellion x2  
  176  11:38  Hellion x3  
  182  11:48  Siege Tank  
  182  11:49  Orbital Command  
  182  11:54  Factory  
  185  11:55  Factory  
  185  11:56  Factory  
  185  12:10  Hellion x2, Siege Tank  
  185  12:35  Orbital Command  
  185  12:40  Factory Tech Lab  
  185  12:41  Factory Tech Lab x2  
Tags
 
Add a new tag
Caveats
  • Supply blocks, unpowered buildings, or Contaminate may cause inaccurate times.
  • Supply counts are checked every 10 seconds.